 Dungeon Sprint DCSS version 0.31-a0-700-gf13585253f (webtiles) character file.

Game seed: 451433384002533654

2387 sircluck the Grappler (level 9, -3/102 HPs)
             Began as a Troll Berserker on Sept 7, 2023.
             Was a High Priest of Trog.
             Slain by an orc knight
             ... wielding a +0 battleaxe
              (17 damage)
             ... in the Dungeon (Sprint III: "The Ten Rune Challenge").
             The game lasted 00:01:24 (455 turns).

sircluck the Grappler (Troll Berserker)              Turns: 455, Time: 00:01:24

Health: -3/102     AC:  4    Str: 31    XL:     9   Next: 22%
Magic:  8/8        EV: 12    Int:  3    God:    Trog [*****.]
Gold:   52         SH:  0    Dex:  9    Spells: 8/8 levels left

rFire   . .          .
                       - Unarmed
rCold   . . .        (no shield)
rNeg    . . .        a - +0 animal skin
rPois   .            (helmet restricted)
rElec   .            (no cloak)
rCorr   .            (gloves unavailable)
SInv    .            (boots unavailable)
Will    .....        (no amulet)
Stlth   +            (no ring)
HPRegen 1.17/turn    (no ring)
MPRegen 0.11/turn

%: no teleportation
@: no status effects
A: large, unfitting armour, claws 3, regeneration 1, shaggy fur 1, tough skin 1
a: Renounce Religion, Berserk, Trog's Hand, Brothers in Arms


You were in the Dungeon.
You worshipped Trog.
Trog was extremely pleased with you.
You visited 1 branch You collected 52 gold pieces.

Inventory:

Armour
 a - a +0 animal skin (worn)
Wands
 m - a wand of flame (23)
Scrolls
 g - a scroll of blinking
 i - 2 scrolls of poison {unknown}
 j - 3 scrolls of identify
Potions
 b - 3 potions of curing
 c - 2 potions of heal wounds
 d - a potion of haste
 e - 2 potions of magic
 f - a potion of berserk rage
 h - 3 potions of mutation {unknown}
 k - 4 potions of enlightenment
 l - a potion of brilliance {unknown}
Miscellaneous
 n - a tin of tremorstones (2/2)


   Skills:
 + Level 10.8 Fighting
 + Level 10.7 Dodging
 + Level 12.6 Unarmed Combat


You had 8 spell levels left.
You didn't know any spells.
Your spell library was empty.

Dungeon Overview and Level Annotations

Branches:
Dungeon (1/1)

Altars:
Cheibriados
Dithmenos
Elyvilon
Fedhas
Gozag
Hepliaklqana
Kikubaaqudgha
Makhleb
Nemelex Xobeh
Okawaru
Qazlal
Ru
Sif Muna
Trog
Uskayaw
Vehumet
Wu Jian
Xom
Yredelemnul
Zin
The Shining One
Jiyva
Lugonu


Innate Abilities, Weirdness & Mutations

You are too large for most types of armour.
You have claws for hands.
Your natural rate of healing is unusually fast.
You are covered in fur. (AC +1)
You have tough skin. (AC +1)


Message History

The orc knight is moderately wounded.
The orc priest invokes the aid of Beogh against you.
Beogh smites you!
The orc knight roars a battlecry!
The orc goes into a battle-frenzy!
You closely miss the orc knight. Your claw misses the orc knight.
The orc knight is moderately wounded.
You claw the orc knight!
The orc knight is heavily wounded.
The orc knight hits you with a +0 battleaxe!!
You claw the orc knight! Your claw misses the orc knight.
The orc knight is severely wounded.
The orc warrior throws a boomerang.
The boomerang hits you.
An orc warrior comes into view. It is wielding a +0 glaive.
You scratch the orc knight but do no damage.
The orc knight is severely wounded.
The orc knight hits you with a +0 battleaxe!
An orc comes into view. It is wielding a +0 club.
The orc warrior barely misses you.
You are too injured to fight recklessly!
You are too injured to fight recklessly!
You are too injured to fight recklessly!
You are too injured to fight recklessly!
You are too injured to fight recklessly!
You are too injured to fight recklessly!
You scratch the orc knight but do no damage.
The orc knight is severely wounded.
The orc knight roars a battlecry!
The orc goes into a battle-frenzy!
You closely miss the orc knight.
The orc knight is severely wounded.
The orc warrior hits you from afar with a +0 glaive!!
* * * LOW HITPOINT WARNING * * *
You mangle the orc knight!!
The orc knight is almost dead.
The orc warrior hits you with a +0 long sword!
* * * LOW HITPOINT WARNING * * *
An orc comes into view. It is wielding a +0 flail.
The orc knight hits you with a +0 battleaxe!
You die...

..#..#...#__.#._#$$
..#..###'#)###)##$$
#'#..#...)......#oo
##...'.⌠........#o##
##...#...######'#oo
#....#.⌠.#__#...#o#####
.....#...#__#...#oo§~~+
.....#)###__#...#o#§§§#
..†..#.).#__#...@o#§§.#
#....#___#__'...#.#§§.#
▓▓▓▓▓▓▓▓▓▓▓▓▓▓▓▓▓▓▓▓▓▓▓


You could see an orc knight, 2 orc warriors, an orc priest (strong), 2 orc
wizards and 4 orcs.

Vanquished Creatures
  Erica (D)
  An orc high priest (D)
  A deep elf pyromancer (D)
  A shadow (D)
  A spatial vortex (D)
  A water elemental (D)
  A necrophage (D)
  A jelly (D)
  Jessica (D)
  A wizard (D)
  A necromancer (D)
  An orc wizard (D)
  3 humans (D)
  A kobold demonologist (D)
  A wolf (D)
  An orc (D)
  An endoplasm (D)
  A rat (D)
20 creatures vanquished.

Notes
Turn   | Place    | Note
-------+----------+-------------------------------------------
     0 | D        | sircluck the Troll Berserker began the quest for the Orb.
     0 | D        | Reached XP level 1. HP: 22/22 MP: 0/0
    27 | D        | Noticed Jessica
    31 | D        | Killed Jessica
    31 | D        | Reached ** piety under Trog
    32 | D        | Reached skill level 4 in Unarmed Combat
    32 | D        | Reached XP level 2. HP: 32/32 MP: 1/1
    66 | D        | Reached XP level 3. HP: 18/39 MP: 2/2
    96 | D        | Reached skill level 5 in Unarmed Combat
   111 | D        | Noticed a water elemental
   134 | D        | Killed a water elemental
   135 | D        | Reached skill level 5 in Fighting
   135 | D        | Reached skill level 5 in Dodging
   135 | D        | Reached skill level 6 in Unarmed Combat
   135 | D        | Reached XP level 4. HP: 49/50 MP: 3/3
   230 | D        | Found a basalt altar of Yredelemnul.
   230 | D        | Found a shadowy altar of Dithmenos.
   230 | D        | Found a sacrificial altar of Ru.
   230 | D        | Noticed a necrophage
   231 | D        | Reached *** piety under Trog
   232 | D        | Reached XP level 5. HP: 57/57 MP: 4/4
   237 | D        | Reached skill level 7 in Unarmed Combat
   256 | D        | Found a radiant altar of Vehumet.
   256 | D        | Found a shimmering blue altar of Sif Muna.
   256 | D        | Found an ancient bone altar of Kikubaaqudgha.
   261 | D        | Reached **** piety under Trog
   265 | D        | Noticed a rust devil
   279 | D        | Found a glowing silver altar of Zin.
   279 | D        | Found a glowing golden altar of the Shining One.
   279 | D        | Found a white marble altar of Elyvilon.
   280 | D        | Noticed a deep elf pyromancer
   286 | D        | Killed a deep elf pyromancer
   287 | D        | Reached skill level 9 in Unarmed Combat
   287 | D        | Reached XP level 6. HP: 70/72 MP: 5/5
   287 | D        | Reached XP level 7. HP: 78/80 MP: 6/6
   336 | D        | Found a hide-covered altar of Uskayaw.
   336 | D        | Found an iron altar of Okawaru.
   336 | D        | Found a bloodstained altar of Trog.
   336 | D        | Found an ornate altar of the Wu Jian Council.
   336 | D        | Noticed a human
   337 | D        | Noticed a human
   343 | D        | Killed a human
   344 | D        | Reached skill level 10 in Unarmed Combat
   348 | D        | Killed a human
   348 | D        | Reached ***** piety under Trog
   369 | D        | Noticed a shadow
   370 | D        | Killed a shadow
   371 | D        | Reached XP level 8. HP: 92/92 MP: 7/7
   380 | D        | Noticed Erica
   385 | D        | Killed Erica
   386 | D        | Reached skill level 10 in Fighting
   386 | D        | Reached skill level 11 in Unarmed Combat
   398 | D        | Found a blossoming altar of Fedhas.
   398 | D        | Found a stormy altar of Qazlal.
   398 | D        | Found a snail-covered altar of Cheibriados.
   398 | D        | Found a burning altar of Makhleb.
   398 | D        | Found a shimmering altar of Xom.
   399 | D        | Found a hazy altar of Hepliaklqana.
   399 | D        | Found an opulent altar of Gozag.
   399 | D        | Found a sparkling altar of Nemelex Xobeh.
   399 | D        | Found a corrupted altar of Lugonu.
   399 | D        | Found a viscous altar of Jiyva.
   403 | D        | Reached skill level 10 in Dodging
   442 | D        | Noticed an orc high priest
   442 | D        | Noticed an orc knight
   443 | D        | Noticed a smoke demon
   447 | D        | Killed an orc high priest
   448 | D        | Reached skill level 12 in Unarmed Combat
   448 | D        | Reached XP level 9. HP: 88/102 MP: 8/8
   455 | D        | Slain by an orc knight

Illustrated notes

Levels and vault maps discovered:
D:        dungeon_sprint_mu [sprint_mu_entry_cave, sprint_mu_temple_rooms,
          sprint_mu_d1_horrors, sprint_mu_d2_genie, sprint_mu_d3_branching,
          sprint_mu_orc_legion, sprint_mu_elf_gauntlet, sprint_mu_hive_nellie,
          sprint_mu_lair_fedhas, sprint_mu_vaults_butterflies,
          sprint_mu_slime_circle, sprint_mu_shoals_kraken,
          sprint_mu_snake_twists, sprint_mu_blade_basic, sprint_mu_crypt_lich,
          sprint_mu_tomb_spiral, sprint_mu_vestibule_basic,
          sprint_mu_gehenna_hellfire, sprint_mu_dis_giant,
          sprint_mu_tartarus_statrot, sprint_mu_cocytus_islands, sprint_mu_zot1]

Skill      XL: |  1  2  3  4  5  6  7  8 |
---------------+-------------------------+-----
Fighting       | 3 4 5 8 9 10 | 10.8
Dodging        | 3 4 5 8 9 10 | 10.7
Unarmed Combat | 4 6 9 10 12 | 12.6

Action                     |  1- 3 |  4- 6 |  7- 9 || total
---------------------------+-------+-------+-------++-------
  Melee: Unarmed           |    17 |    17 |    33 ||    67
         Punch             |       |       |     5 ||     5
 Invoke: Berserk           |     1 |     1 |       ||     2
 Armour: Animal skin       |    10 |     7 |    18 ||    35
  Dodge: Dodged            |     6 |     3 |     7 ||    16

Table legend: (Time is in decaauts)
 A = Elapsed time spent in this place.
 B = Non-inter-level travel time spent in this place.
 C = Inter-level travel time spent in this place.
 D = Time resting spent in this place.
 E = Time spent auto-exploring this place.
 F = Levels seen in this place.
 G = Mean time per level.
                   A        B        C        D        E       F      G
               +--------+--------+--------+--------+--------+-----+--------+
         Total |    463 |    449 |     14 |    137 |    123 |   1 |  463.0 |
       Dungeon |    463 |    449 |     14 |    137 |    123 |   1 |  463.0 |
               +--------+--------+--------+--------+--------+-----+--------+

Top non-repeatable levels by time:
       D: 463 daAuts
